 Dungeon Crawl Stone Soup version 0.30-b1-2-g02819fbbbe (webtiles) character file.

Game seed: 15122524603079514957

257 dorian the Digger (level 6, -6/41 HPs)
             Began as a Formicid Earth Elementalist on May 11, 2023.
             Mangled by an ogre
             ... wielding a +0 giant spiked club
              (32 damage)
             ... on level 4 of the Dungeon.
             The game lasted 00:06:10 (3536 turns).

dorian the Digger (Formicid Earth Elementalist)     Turns: 3536, Time: 00:06:11

Health: -6/41      AC:  3    Str: 12    XL:     6   Next: 39%
Magic:  18/20      EV: 11    Int: 17    God:
Gold:   183        SH:  5    Dex: 14    Spells: 6/12 levels left

rFire   . . .        q - +2 hand axe (venom)
rCold   . . .        h - +2 buckler {reflect}
rNeg    . . .        a - +1 robe
rPois   .            (helmet unavailable)
rElec   .            (no cloak)
rCorr   .            (no gloves)
SInv    +            (no boots)
Will    .....        (no amulet)
Stlth   ++           s - ring of magical power
HPRegen 0.26/turn    (no ring)
MPRegen 0.17/turn

%: reflection
@: no status effects
A: permanent stasis, dig shafts and tunnels, antennae 3, four strong arms
a: Dig, Shaft Self


You were on level 4 of the Dungeon.
You visited 1 branch of the dungeon, and saw 4 of its levels.

You collected 183 gold pieces.

Inventory:

Hand Weapons
 q - a +2 hand axe of venom (weapon)
Missiles
 l - 2 poisoned darts (quivered)
Armour
 a - a +1 robe (worn)
 h - a +2 buckler of reflection (worn)
Magical Staves
 p - a staff of poison
Jewellery
 m - a ring of ice
 s - a ring of magical power (left hand)
Wands
 e - a wand of charming (3)
Scrolls
 d - a scroll of teleportation
 f - 2 scrolls of fog
 i - a scroll of blinking
 n - a scroll of immolation
 v - a scroll of magic mapping
Potions
 b - a potion of magic
 c - 2 potions of heal wounds
 g - a potion of flight
 j - a potion of brilliance {unknown}
 k - a potion of haste {unknown}
 r - a potion of resistance {unknown}
 t - a potion of curing


   Skills:
 - Level 1.7 Dodging
 - Level 2.4 Stealth
 + Level 3.6 Spellcasting
 + Level 3.3 Transmutations
 * Level 6.3 Earth Magic


You had 6 spell levels left.
You knew the following spells:

 Your Spells              Type           Power      Damage    Failure   Level
a - Sandblast             Erth           48%        2d12      1%          1
b - Passwall              Tmut/Erth      15%        N/A       4%          2
c - Stone Arrow           Conj/Erth      26%        3d8       21%         3

Your spell library contained the following spells:

 Spells                   Type           Power      Damage    Failure   Level
 Necrotise                Necr           12%        1d4       24%         1
 Slow                     Hex            12%        N/A       24%         1
 Petrify                  Tmut/Erth      19%        N/A       32%         4
 Confusing Touch          Hex            3%         N/A       58%         3
 Vampiric Draining        Necr           3%         2d6       58%         3
 Borgnjor's Vile Clutch   Necr/Erth      6%         N/A       88%         5
 Animate Dead             Necr           3%         N/A       94%         4
 Agony                    Necr           3%         N/A       100%        5
 Death Channel            Necr           1%         N/A       100%        6


Dungeon Overview and Level Annotations

Branches:
Dungeon (4/15)
 Temple: D:4-7

Altars:
Cheibriados
Dithmenos
Gozag
Hepliaklqana
Yredelemnul

Shops:
D:1 =


Innate Abilities, Weirdness & Mutations

You cannot be hasted, slowed, berserked, paralysed or teleported.
You can dig through walls and to a lower floor.
You have a pair of large antennae on your head. (SInv)
Your four strong arms can wield two-handed weapons with a shield.


Message History

Aiming: Sandblast (safe; 1% risk of failure)
Press: ? - help, Shift-Dir - straight line, f/p - scorpion
Aim: a scorpion (heavily wounded, 83% to hit)
The blast of sand hits the scorpion!
You kill the scorpion!
Your Earth Magic skill increases to level 6!
Casting: Sandblast (safe; 1% risk of failure)
Confirm with . or Enter, or press ? or * to list all spells.
You can't see any susceptible monsters within range! (Use Z to cast anyway.)
Something unseen opens the door.
You sense a monster nearby.
You now have 183 gold pieces (gained 10).
Found a stone.
You see here a stone.
There is an open door here.
You sense a monster nearby.
You open the door.
There is an open door here.
You sense a monster nearby.
An ogre comes into view. It is wielding a +0 giant spiked club.
The ogre shouts!
The ogre moves out of view.
Casting: Sandblast (safe; 1% risk of failure)
Confirm with . or Enter, or press ? or * to list all spells.
Aiming: Sandblast (safe; 1% risk of failure)
Press: ? - help, Shift-Dir - straight line, f - ogre
Aim: an ogre, wielding a +0 giant spiked club (92% to hit)
The blast of sand hits the ogre.
The ogre is lightly wounded.
The ogre hits you with a +0 giant spiked club!
Casting: Sandblast (safe; 1% risk of failure)
Confirm with . or Enter, or press ? or * to list all spells.
Aiming: Sandblast (safe; 1% risk of failure)
Press: ? - help, Shift-Dir - straight line, f/p - ogre
Aim: an ogre, wielding a +0 giant spiked club (lightly wounded, 92% to hit)
The blast of sand hits the ogre!
The ogre is severely wounded.
The ogre hits you with a +0 giant spiked club!!
Ouch! That really hurt!
You die...

##...#.##.###.#
#..##........#
#..#####.#####
#..# #.#
#..#####.#
#........######
##.#####......#
#.####... #@#
#O# ... ....#
.....# .##..##
.. .... .# #.##


You could see an ogre.

Vanquished Creatures
  A scorpion (D:4)
  A howler monkey (D:4)
  Ijyb (D:3)
  An orc wizard (D:2)
  3 adders
  2 worms
  2 dart slugs
  7 orcs
  5 ball pythons
  2 endoplasms (D:2)
  4 giant cockroaches (D:1)
  9 goblins
  8 hobgoblins
  2 quokkas
  8 bats
  8 frilled lizards
  2 kobolds (D:1)
  4 rats
70 creatures vanquished.

Notes
Turn   | Place    | Note
-------+----------+-------------------------------------------
     0 | D:1      | dorian the Formicid Earth Elementalist began the quest for
                  | the Orb.
     0 | D:1      | Reached XP level 1. HP: 13/13 MP: 3/3
   157 | D:1      | Reached XP level 2. HP: 17/19 MP: 3/5
   161 | D:1      | Reached skill level 4 in Earth Magic
   253 | D:1      | Found a faded altar of an unknown god.
   661 | D:1      | Reached XP level 3. HP: 24/24 MP: 3/6
   731 | D:1      | Found Madwuuco's Jewellery Shoppe.
  1206 | D:1      | Learned a level 2 spell: Passwall
  1210 | D:1      | Learned a level 3 spell: Stone Arrow
  1705 | D:2      | Reached XP level 4. HP: 30/30 MP: 6/8
  1724 | D:2      | Reached skill level 5 in Earth Magic
  2672 | D:3      | Reached XP level 5. HP: 35/35 MP: 9/9
  2843 | D:3      | Found an opulent altar of Gozag.
  2843 | D:3      | Found a basalt altar of Yredelemnul.
  2844 | D:3      | Found a snail-covered altar of Cheibriados.
  2844 | D:3      | Noticed Ijyb
  2872 | D:3      | Killed Ijyb
  3091 | D:3      | Found a shadowy altar of Dithmenos.
  3093 | D:3      | Found a hazy altar of Hepliaklqana.
  3425 | D:4      | Reached XP level 6. HP: 41/41 MP: 11/11
  3430 | D:4      | Reached skill level 6 in Earth Magic
  3533 | D:4      | Noticed an ogre
  3536 | D:4      | Mangled by an ogre

Illustrated notes

Levels and vault maps discovered:
D:1:      dpeg_arrival_prison, layout_loops_corners, serial_shops,
          nicolae_shop_hallway_stairs, hellmonk_ecumenical_altar_arch_garden
D:2:      layout_basic, nrook_mini_backslash, nicolae_figureground_pulse
D:3:      layout_loops_cross, grunt_temple_overflow_open, uniq_ijyb
D:4:      layout_loops_corners, nicolae_wooded_promenade, uniq_robin

Skill      XL: |  1  2  3  4  5  6 |
---------------+-------------------+-----
Earth Magic    | 4 5 6 |  6.3
Transmutations | 2 3 |  3.3
Spellcasting   | 3 |  3.6
Dodging        | |  1.7
Stealth        | |  2.4

Action                     |  1- 3 |  4- 6 || total
---------------------------+-------+-------++-------
  Melee: Unarmed           |    17 |     5 ||    22
   Cast: Sandblast         |    41 |    67 ||   108
    Use: Scroll            |       |    13 ||    13
         Potion            |       |     3 ||     3
 Armour: Robe              |     7 |    15 ||    22
  Dodge: Dodged            |    21 |    25 ||    46
  Block: Buckler           |       |     2 ||     2
